 Dungeon Crawl Stone Soup version 0.30.1 (webtiles) character file.

Game seed: 8568844181171319904

35 boopmooplesden the Twirler (level 3, -5/27 HPs)
             Began as a Demonspawn Gladiator on July 10, 2023.
             Slain by a worm (8 damage)
             ... on level 2 of the Dungeon.
             The game lasted 00:01:08 (882 turns).

boopmooplesden the Twirler (Demonspawn Gladiator)    Turns: 882, Time: 00:01:09

Health: -5/27      AC: 10    Str: 16    XL:     3   Next: 17%
Magic:  3/3        EV:  5    Int:  9    God:
Gold:   22         SH:  0    Dex: 14    Spells: 2/2 levels left

rFire   . . .        a - +0 quarterstaff
rCold   . . .        (shield currently unavailable)
rNeg    . . .        f - +0 plate armour
rPois   .            (helmet restricted)
rElec   .            (no cloak)
rCorr   .            (no gloves)
SInv    .            (no boots)
Will    .....        (no amulet) Stlth
                     (no ring)
HPRegen 0.24/turn    (no ring)
MPRegen 0.08/turn

%: no passive effects
@: no status effects
A: antennae 1
a: no special abilities


You were on level 2 of the Dungeon.
You visited 1 branch of the dungeon, and saw 2 of its levels.

You collected 22 gold pieces.

Inventory:

Hand Weapons
 a - a +0 quarterstaff (weapon)
Missiles
 d - a throwing net (quivered)
 e - a javelin
Armour
 b - a +0 leather armour
 c - a +0 helmet
 f - a +0 plate armour (worn)
Scrolls
 g - 2 scrolls of fear {unknown}
 i - a scroll of poison {unknown}
 j - a scroll of enchant armour {unknown}
 k - a scroll of brand weapon {unknown}
 l - 2 scrolls of butterflies {unknown}
Potions
 h - 2 potions of brilliance {unknown}
 m - a potion of magic {unknown}


   Skills:
 + Level 2.1 Fighting
 + Level 3.2 Staves
 + Level 1.9 Throwing
 + Level 0.7 Armour
 + Level 3.2 Dodging


You had 2 spell levels left.
You didn't know any spells.
Your spell library was empty.

Dungeon Overview and Level Annotations

Branches:
Dungeon (2/15)

Altars:


Innate Abilities, Weirdness & Mutations

You have a pair of small antennae on your head.


Message History

The hobgoblin attacks as you move away! The hobgoblin barely misses you.
The worm bites you.
Things that are here:
a +0 dagger; a +0 sling; a goblin corpse The hobgoblin attacks as you move away!
The hobgoblin hits you.
You barely miss the worm. The worm barely misses you.
The hobgoblin barely misses you.
You barely miss the worm. The hobgoblin closely misses you.
You barely miss the worm. The worm bites you.
The hobgoblin hits you but does no damage.
You hit the worm but do no damage.
The hobgoblin hits you but does no damage.
The worm barely misses you.
You hit the worm.
The worm is moderately wounded.
The hobgoblin hits you but does no damage.
You hit the worm but do no damage.
The worm is moderately wounded.
The hobgoblin barely misses you. The worm barely misses you.
A kobold comes into view.
It is wielding a +3 whip, quivering poisoned darts and carrying a wand of flame (16).
The hobgoblin hits you but does no damage.
The kobold shouts!
You sock the worm!
The worm is severely wounded.
The worm bites you!
* * * LOW HITPOINT WARNING * * *
The hobgoblin hits you but does no damage.
Throw: 3 throwing nets
Press: ? - help, Q - select action, (/) - cycle Shift-Dir - straight line, f - hobgoblin
Aim: a hobgoblin (59% to hit)
You throw a throwing net.
The throwing net closely misses the hobgoblin.
The hobgoblin hits you but does no damage.
Throw: 2 throwing nets
Press: ? - help, Q - select action, (/) - cycle Shift-Dir - straight line, f/p - hobgoblin
Aim: a hobgoblin (59% to hit)
You throw a throwing net. The throwing net hits the hobgoblin.
The hobgoblin is caught in the net!
The worm bites you!
You die...

#.#
#.......####....##.##.#
#<# #.##.##.#
#.#.###.##.#
#.###.##.##.####.#.#
#.##.#
#.............##.#.#
#.##
#..##.##.##.#.##.#.#
#...
#..##.##.##.#.##...
####
##..##.##...........
............w.....#
###...##.#(.g@.!..#
#....(..........#
#..###..#.......#
#........#......... #.
#............###
#....#K..####.#.#
#........ ...# #.......
..##


You could see a worm, a hobgoblin (caught) and a kobold.

Vanquished Creatures
  An adder (D:2)
  2 dart slugs (D:1)
  2 endoplasms (D:1)
  A giant cockroach (D:1)
  3 goblins
  2 jackals (D:1)
  3 kobolds
  A quokka (D:2)
  2 frilled lizards
  5 rats
22 creatures vanquished.

Notes
Turn   | Place    | Note
-------+----------+-------------------------------------------
     0 | D:1      | boopmooplesden the Demonspawn Gladiator began the quest for
                  | the Orb.
     0 | D:1      | Reached XP level 1. HP: 16/16 MP: 1/1
   256 | D:1      | Gained mutation: You have a pair of small antennae on your
                  | head. [demonic ancestry]
   256 | D:1      | Reached XP level 2. HP: 16/22 MP: 2/2
   862 | D:2      | Reached XP level 3. HP: 27/27 MP: 3/3
   882 | D:2      | Slain by a worm

Illustrated notes

Levels and vault maps discovered:
D:1:      minmay_arrival_floating_metal, layout_loops_ring
D:2:      layout_loops_ring

Skill      XL: |  1  2 |
---------------+-------+-----
Staves         | 3 |  3.2
Dodging        | 3 |  3.2
Fighting       | |  2.1
Throwing       | |  1.9
Armour         | |  0.7

Action                     || total
---------------------------++-------
  Melee: Quarterstaff      ||    71
  Throw: Throwing net      ||     2
 Armour: Plate armour      ||    60
  Dodge: Dodged            ||    22
